[ PARTIDA AOE2 · #471513693 ]
UnrankedEslavos vs Teutons
Equipo del jugador · DERR
[ ANÁLISIS DE REPETICIÓN · EXTRAÍDO DE LA PARTIDA GRABADA ]
Feudal
—
Castillos
—
Imperial
—
| APM promedio | 0.3 |
| APM pico | 23 |
| eAPM promedio | 0.1 |
| Aldeanos / militares | 0 / 0 |
Foco
⚔️ 0.0% · 🌾 100.0%
Feudal
—
Castillos
—
Imperial
—
| APM promedio | 1.5 |
| APM pico | 52 |
| eAPM promedio | 0.7 |
| Aldeanos / militares | 17 / 0 |
Foco
⚔️ 2.8% · 🌾 97.2%
Feudal
17:43
Castillos
60:16
Imperial
71:43
| APM promedio | 6.6 |
| APM pico | 29 |
| eAPM promedio | 3.2 |
| Aldeanos / militares | 172 / 12 |
Foco
⚔️ 14.5% · 🌾 85.5%
Leitis ×12
Feudal
15:39
Castillos
25:47
Imperial
39:03
| APM promedio | 11.0 |
| APM pico | 52 |
| eAPM promedio | 5.7 |
| Aldeanos / militares | 166 / 212 |
Foco
⚔️ 21.9% · 🌾 78.1%
Mangudai ×162 · Scorpion ×36 · Mangonel ×9 · Scout Cavalry ×2 · Cavalry Archer ×2 · Monk ×1
Feudal
20:17
Castillos
25:04
Imperial
43:02
| APM promedio | 21.6 |
| APM pico | 149 |
| eAPM promedio | 15.5 |
| Aldeanos / militares | 131 / 706 |
Foco
⚔️ 70.4% · 🌾 29.6%
Militia ×426 · Unknown (1920) ×181 · Scout Cavalry ×104 · Camel Scout ×89 · Cavalry Archer ×43 · Spearman ×32
Feudal
13:40
Castillos
21:15
Imperial
37:35
| APM promedio | 17.7 |
| APM pico | 68 |
| eAPM promedio | 15.0 |
| Aldeanos / militares | 310 / 1270 |
Foco
⚔️ 39.8% · 🌾 60.2%
Monaspa ×638 · Scout Cavalry ×480 · Hand Cannoneer ×132 · Battering Ram ×15 · Monk ×4 · Skirmisher ×1
Feudal
—
Castillos
—
Imperial
—
| APM promedio | 4.8 |
| APM pico | 40 |
| eAPM promedio | 3.4 |
| Aldeanos / militares | 38 / 186 |
Foco
⚔️ 58.9% · 🌾 41.1%
Knight ×89 · Throwing Axeman ×60 · Militia ×33 · Monk ×3 · Scout Cavalry ×1
Feudal
—
Castillos
—
Imperial
—
| APM promedio | 0.4 |
| APM pico | 34 |
| eAPM promedio | 0.1 |
| Aldeanos / militares | 0 / 0 |
Foco
⚔️ 0.0% · 🌾 100.0%
Mapa de la partida
Recursos iniciales + cada clic de construcción. Líneas = muros · curvas = relieve. ◆ oro · ⬟ piedra · ● bayas · ✦ reliquia · ◌ hueco del cierre
Tu base· Abierta — hueco de 8t
Base de 用炸弹人搞你建筑· Abierta — flanco sin cerrar
Base de ullacasa· Abierta — flanco sin cerrar
Base de UrukParsamosir· Abierta — flanco sin cerrar
Base de Opera· Abierta — flanco sin cerrar
Base de wsmbudaiwo· Abierta — flanco sin cerrar
Base de Jbeck09· Abierta — flanco sin cerrar
Base de ZSeagull· Abierta — hueco de 8t
Terreno inicial suavizado · ◌ = hueco del cierre detectado · pasá el cursor para detalles
Inputs por minuto
— 探吉教~東馬摩 - - 用炸弹人搞你建筑
Build order — 探吉教~東馬摩
2 acciones detectadas en el replay
| 0:23 | Construir | Town Center |
| 0:44 | Construir | House |
Build order — 用炸弹人搞你建筑
24 acciones detectadas en el replay
| 0:30 | Construir | Town Center |
| 2:31 | Crear | Villager (Male) |
| 2:32 | Crear | Villager (Male) |
| 2:32 | Crear | Villager (Male) |
| 2:32 | Crear | Villager (Male) |
| 2:33 | Crear | Villager (Male) |
| 2:40 | Construir | House |
| 2:42 | Construir | House |
| 2:45 | Construir | House |
| 2:46 | Construir | House |
| 4:18 | Crear | Villager (Male) |
| 4:18 | Crear | Villager (Male) |
| 5:30 | Crear | Villager (Male) |
| 5:30 | Crear | Villager (Male) |
| 6:01 | Crear | Villager (Male) |
| 6:27 | Crear | Villager (Male) |
| 6:49 | Crear | Villager (Male) |
| 7:05 | Construir | Mill |
| 7:27 | Crear | Villager (Male) |
| 7:27 | Crear | Villager (Male) |
| 7:28 | Crear | Villager (Male) |
| 7:28 | Crear | Villager (Male) |
| 8:15 | Crear | Villager (Male) |
| 8:29 | Construir | Mill |
Build order — ullacasa
Primeras 150 de 183 acciones detectadas
| 2:15 | Construir | Town Center |
| 5:11 | Crear | Villager (Male) ×5 |
| 5:11 | Crear | Villager (Male) ×5 |
| 5:11 | Crear | Villager (Male) |
| 5:25 | Construir | House |
| 5:26 | Construir | House |
| 5:37 | Construir | House |
| 7:27 | Crear | Villager (Male) |
| 7:27 | Crear | Villager (Male) |
| 7:59 | Crear | Villager (Male) |
| 9:16 | Construir | House |
| 9:29 | Investigar | Loom |
| 10:02 | Crear | Villager (Male) ×2 |
| 10:03 | Crear | Villager (Male) ×2 |
| 10:03 | Crear | Villager (Male) ×2 |
| 11:15 | Crear | Villager (Male) |
| 11:15 | Crear | Villager (Male) |
| 11:15 | Crear | Villager (Male) |
| 11:16 | Crear | Villager (Male) |
| 11:16 | Crear | Villager (Male) |
| 11:16 | Crear | Villager (Male) |
| 11:17 | Crear | Villager (Male) |
| 13:38 | Construir | Lumber Camp |
| 13:57 | Construir | Mining Camp |
| 15:33 | Investigar | Feudal Age |
| 16:59 | Construir | Mining Camp |
| 17:43 | Edad | Edad Feudal |
| 17:47 | Investigar | Wheelbarrow |
| 18:12 | Crear | Villager (Male) |
| 18:12 | Crear | Villager (Male) |
| 18:13 | Crear | Villager (Male) |
| 18:13 | Crear | Villager (Male) |
| 20:00 | Construir | Stone Wall |
| 20:23 | Construir | Mill |
| 20:39 | Construir | Stone Wall |
| 20:56 | Construir | House |
| 21:12 | Crear | Villager (Male) |
| 21:13 | Crear | Villager (Male) |
| 21:13 | Crear | Villager (Male) |
| 21:13 | Crear | Villager (Male) |
| 21:14 | Crear | Villager (Male) |
| 21:14 | Crear | Villager (Male) |
| 21:15 | Crear | Villager (Male) |
| 21:15 | Crear | Villager (Male) |
| 21:15 | Crear | Villager (Male) |
| 22:49 | Construir | Lumber Camp |
| 23:41 | Crear | Villager (Male) |
| 23:42 | Crear | Villager (Male) |
| 23:42 | Crear | Villager (Male) |
| 23:43 | Crear | Villager (Male) |
| 23:43 | Crear | Villager (Male) |
| 23:43 | Crear | Villager (Male) |
| 24:24 | Construir | Mill |
| 25:32 | Construir | Mining Camp |
| 26:57 | Construir | Stone Wall |
| 27:55 | Construir | Stone Wall |
| 28:13 | Construir | Stone Wall |
| 29:14 | Construir | Town Center |
| 29:45 | Construir | Mining Camp |
| 30:06 | Crear | Villager (Male) ×5 |
| 30:07 | Crear | Villager (Male) ×5 |
| 30:07 | Crear | Villager (Male) ×5 |
| 30:07 | Crear | Villager (Male) ×5 |
| 33:11 | Crear | Villager (Male) |
| 33:11 | Crear | Villager (Male) |
| 33:11 | Crear | Villager (Male) |
| 33:12 | Crear | Villager (Male) |
| 33:12 | Crear | Villager (Male) |
| 34:26 | Crear | Villager (Male) |
| 34:26 | Crear | Villager (Male) |
| 34:26 | Crear | Villager (Male) |
| 34:40 | Construir | Stone Wall |
| 34:54 | Construir | Stone Wall |
| 35:14 | Crear | Villager (Male) |
| 35:15 | Crear | Villager (Male) |
| 35:15 | Crear | Villager (Male) |
| 36:06 | Construir | Watch Tower |
| 37:59 | Construir | Stone Wall |
| 38:22 | Construir | Mill |
| 38:43 | Construir | Stone Wall |
| 39:42 | Construir | Mining Camp |
| 39:49 | Crear | Villager (Male) ×5 |
| 39:49 | Crear | Villager (Male) ×5 |
| 39:50 | Crear | Villager (Male) ×2 |
| 40:07 | Construir | Gate |
| 40:46 | Construir | House |
| 40:47 | Construir | House |
| 40:48 | Construir | House |
| 40:49 | Construir | House |
| 41:14 | Crear | Villager (Male) ×5 |
| 41:14 | Crear | Villager (Male) ×5 |
| 43:08 | Crear | Villager (Male) ×5 |
| 43:08 | Crear | Villager (Male) ×5 |
| 44:04 | Construir | Mining Camp |
| 45:43 | Construir | House |
| 45:44 | Construir | House |
| 45:45 | Construir | House |
| 47:04 | Construir | Stone Wall |
| 47:12 | Construir | Gate |
| 48:06 | Crear | Villager (Male) ×5 |
| 48:07 | Crear | Villager (Male) ×5 |
| 48:29 | Construir | Mill |
| 49:09 | Construir | Stone Wall |
| 49:14 | Construir | Gate |
| 50:13 | Construir | Lumber Camp |
| 51:08 | Construir | House |
| 51:23 | Construir | House |
| 51:24 | Construir | House |
| 51:27 | Construir | House |
| 51:46 | Crear | Villager (Male) ×5 |
| 51:46 | Crear | Villager (Male) ×5 |
| 51:47 | Crear | Villager (Male) ×5 |
| 51:47 | Crear | Villager (Male) ×4 |
| 51:58 | Construir | Mill |
| 52:47 | Construir | Town Center |
| 53:24 | Construir | Stone Wall |
| 53:44 | Construir | Stone Wall |
| 54:26 | Construir | Lumber Camp |
| 54:57 | Construir | Stone Wall |
| 55:32 | Construir | Market |
| 55:56 | Investigar | Double-Bit Axe |
| 56:59 | Construir | Blacksmith |
| 57:36 | Investigar | Castle Age |
| 57:56 | Construir | Mill |
| 58:13 | Investigar | Horse Collar |
| 59:28 | Construir | Mill |
| 60:01 | Construir | House |
| 60:02 | Construir | House |
| 60:03 | Construir | House |
| 60:05 | Construir | House |
| 60:06 | Construir | House |
| 60:16 | Edad | Edad de los Castillos |
| 60:22 | Construir | House |
| 60:33 | Investigar | Bow Saw |
| 60:39 | Investigar | Hand Cart |
| 60:40 | Crear | Villager (Male) |
| 60:40 | Crear | Villager (Male) |
| 60:41 | Crear | Villager (Male) |
| 60:41 | Crear | Villager (Male) |
| 60:42 | Crear | Villager (Male) |
| 60:42 | Crear | Villager (Male) |
| 60:42 | Crear | Villager (Male) |
| 60:43 | Crear | Villager (Male) |
| 60:43 | Crear | Villager (Male) |
| 60:43 | Crear | Villager (Male) |
| 62:29 | Construir | Castle |
| 63:07 | Crear | Villager (Male) ×5 |
| 63:08 | Crear | Villager (Male) |
| 64:03 | Crear | Villager (Male) |
| 64:04 | Crear | Villager (Male) |
Build order — UrukParsamosir
Primeras 150 de 341 acciones detectadas
| 0:06 | Construir | House |
| 3:31 | Construir | Town Center |
| 5:33 | Crear | Villager (Male) ×4 |
| 6:58 | Crear | Villager (Male) |
| 7:44 | Crear | Villager (Male) |
| 7:44 | Crear | Villager (Male) |
| 7:44 | Crear | Villager (Male) |
| 7:45 | Crear | Villager (Male) |
| 8:08 | Crear | Villager (Male) |
| 8:11 | Crear | Villager (Male) |
| 8:12 | Crear | Villager (Male) |
| 8:40 | Construir | House |
| 8:49 | Investigar | Loom |
| 8:56 | Crear | Villager (Male) ×3 |
| 9:10 | Crear | Villager (Male) |
| 9:39 | Crear | Villager (Male) |
| 9:40 | Crear | Villager (Male) |
| 9:52 | Construir | Mill |
| 10:49 | Crear | Villager (Male) |
| 10:50 | Crear | Villager (Male) |
| 10:50 | Crear | Villager (Male) |
| 11:05 | Construir | House |
| 11:07 | Construir | House |
| 11:24 | Crear | Villager (Male) ×3 |
| 11:41 | Crear | Villager (Male) |
| 12:49 | Construir | Lumber Camp |
| 13:29 | Investigar | Feudal Age |
| 14:15 | Construir | Lumber Camp |
| 14:20 | Crear | Villager (Male) ×3 |
| 14:42 | Construir | Farm |
| 14:43 | Construir | Farm |
| 14:46 | Construir | Farm |
| 15:13 | Construir | Barracks |
| 15:28 | Construir | Mining Camp |
| 15:39 | Edad | Edad Feudal |
| 16:07 | Construir | Blacksmith |
| 16:11 | Construir | Farm |
| 16:17 | Crear | Villager (Male) |
| 16:17 | Crear | Villager (Male) |
| 16:28 | Construir | Farm |
| 16:34 | Construir | Farm |
| 16:57 | Construir | House |
| 17:05 | Construir | Farm |
| 17:08 | Crear | Villager (Male) |
| 17:18 | Crear | Villager (Male) |
| 17:26 | Construir | Farm |
| 17:48 | Crear | Villager (Male) |
| 17:55 | Construir | Market |
| 18:00 | Construir | Farm |
| 18:04 | Crear | Villager (Male) |
| 18:19 | Construir | Farm |
| 18:37 | Construir | Farm |
| 18:45 | Construir | Farm |
| 18:55 | Crear | Villager (Male) |
| 19:10 | Construir | House |
| 19:33 | Construir | Stable |
| 19:37 | Crear | Villager (Male) |
| 20:02 | Crear | Villager (Male) |
| 20:07 | Construir | Farm |
| 20:24 | Construir | House |
| 20:41 | Construir | Farm |
| 20:43 | Crear | Villager (Male) |
| 20:44 | Crear | Villager (Male) |
| 20:55 | Construir | Farm |
| 21:00 | Construir | Farm |
| 21:02 | Construir | Farm |
| 21:32 | Crear | Villager (Male) |
| 21:47 | Construir | Archery Range |
| 21:59 | Construir | Farm |
| 22:07 | Crear | Villager (Male) |
| 22:10 | Construir | Farm |
| 22:36 | Construir | Stone Wall |
| 22:56 | Construir | Stone Wall |
| 23:03 | Construir | Farm |
| 23:07 | Investigar | Castle Age |
| 23:25 | Construir | Gate |
| 23:45 | Investigar | Horse Collar |
| 23:47 | Investigar | Double-Bit Axe |
| 24:48 | Construir | Mining Camp |
| 24:53 | Crear | Villager (Male) |
| 25:27 | Crear | Scout Cavalry |
| 25:27 | Crear | Scout Cavalry |
| 25:47 | Edad | Edad de los Castillos |
| 25:50 | Investigar | Bow Saw |
| 25:56 | Investigar | Wheelbarrow |
| 26:22 | Crear | Villager (Male) |
| 26:23 | Crear | Villager (Male) |
| 26:26 | Investigar | Wheelbarrow |
| 26:51 | Crear | Villager (Male) |
| 26:53 | Investigar | Heavy Plow |
| 27:04 | Crear | Villager (Male) |
| 28:01 | Construir | Town Center |
| 28:17 | Construir | Town Center |
| 28:24 | Crear | Villager (Male) |
| 29:05 | Construir | House |
| 29:07 | Construir | House |
| 29:36 | Investigar | Hand Cart |
| 29:39 | Crear | Villager (Male) ×5 |
| 29:45 | Investigar | Gold Mining |
| 30:13 | Crear | Villager (Male) |
| 30:13 | Crear | Villager (Male) |
| 30:16 | Crear | Villager (Male) |
| 30:21 | Investigar | Stone Mining |
| 30:23 | Investigar | Gold Shaft Mining |
| 30:29 | Crear | Villager (Male) |
| 30:54 | Crear | Villager (Male) |
| 31:03 | Investigar | Stone Shaft Mining |
| 31:24 | Construir | Monastery |
| 31:30 | Crear | Villager (Male) |
| 31:35 | Crear | Villager (Male) |
| 31:35 | Crear | Villager (Male) |
| 32:27 | Crear | Monk |
| 32:38 | Crear | Villager (Male) |
| 32:39 | Crear | Villager (Male) |
| 32:44 | Construir | Town Center |
| 32:50 | Construir | House |
| 32:57 | Construir | House |
| 32:58 | Construir | House |
| 33:38 | Crear | Villager (Male) |
| 33:39 | Crear | Villager (Male) |
| 33:41 | Crear | Villager (Male) |
| 33:41 | Crear | Villager (Male) |
| 33:42 | Crear | Villager (Male) |
| 33:48 | Crear | Villager (Male) |
| 33:48 | Crear | Villager (Male) |
| 33:49 | Crear | Villager (Male) |
| 33:58 | Construir | Mining Camp |
| 34:03 | Crear | Villager (Male) |
| 34:04 | Crear | Villager (Male) |
| 34:06 | Crear | Villager (Male) |
| 34:07 | Crear | Villager (Male) |
| 34:15 | Construir | Mining Camp |
| 34:33 | Construir | University |
| 34:42 | Investigar | Thumb Ring |
| 34:49 | Crear | Villager (Male) ×5 |
| 35:38 | Investigar | Imperial Age |
| 35:47 | Crear | Villager (Male) ×5 |
| 35:57 | Construir | Town Center |
| 36:11 | Construir | House |
| 36:14 | Construir | House |
| 36:15 | Construir | House |
| 36:17 | Construir | House |
| 36:18 | Construir | House |
| 36:25 | Construir | Mining Camp |
| 36:43 | Crear | Villager (Male) ×5 |
| 36:43 | Crear | Villager (Male) ×5 |
| 36:55 | Construir | Mining Camp |
| 37:04 | Construir | Mining Camp |
| 37:12 | Construir | Mining Camp |
| 37:17 | Investigar | Town Watch |
Build order — Opera
Primeras 150 de 1320 acciones detectadas
| 0:41 | Construir | Town Center |
| 3:17 | Construir | House |
| 3:19 | Construir | House |
| 3:22 | Construir | House |
| 3:28 | Crear | Villager (Male) |
| 3:29 | Crear | Villager (Male) |
| 3:29 | Crear | Villager (Male) |
| 3:30 | Crear | Villager (Male) |
| 3:30 | Crear | Villager (Male) |
| 3:30 | Crear | Villager (Male) |
| 3:31 | Crear | Villager (Male) |
| 3:31 | Crear | Villager (Male) |
| 4:58 | Construir | Lumber Camp |
| 5:04 | Crear | Villager (Male) |
| 5:36 | Crear | Villager (Male) |
| 6:14 | Crear | Villager (Male) |
| 6:44 | Crear | Villager (Male) |
| 7:12 | Crear | Villager (Male) |
| 7:59 | Crear | Villager (Male) |
| 8:12 | Crear | Villager (Male) |
| 8:28 | Crear | Villager (Male) |
| 8:28 | Crear | Villager (Male) |
| 8:32 | Crear | Villager (Male) |
| 8:32 | Crear | Villager (Male) |
| 9:03 | Crear | Villager (Male) |
| 9:03 | Crear | Villager (Male) |
| 9:12 | Construir | Mill |
| 9:26 | Crear | Villager (Male) |
| 10:10 | Construir | Pasture |
| 10:16 | Construir | House |
| 10:25 | Construir | House |
| 10:28 | Construir | House |
| 10:30 | Construir | House |
| 11:02 | Construir | Pasture |
| 11:42 | Construir | Pasture |
| 11:50 | Construir | Pasture |
| 11:54 | Crear | Villager (Male) |
| 12:25 | Construir | Pasture |
| 12:34 | Crear | Villager (Male) |
| 12:43 | Construir | Pasture |
| 13:09 | Crear | Villager (Male) |
| 13:17 | Construir | Pasture |
| 13:43 | Construir | Pasture |
| 13:47 | Crear | Villager (Male) |
| 14:15 | Crear | Villager (Male) |
| 14:29 | Construir | Pasture |
| 14:38 | Construir | Pasture |
| 14:47 | Crear | Villager (Male) |
| 14:48 | Crear | Villager (Male) |
| 15:06 | Construir | Pasture |
| 15:21 | Crear | Villager (Male) |
| 15:22 | Crear | Villager (Male) |
| 15:22 | Crear | Villager (Male) |
| 15:22 | Crear | Villager (Male) |
| 15:23 | Crear | Villager (Male) |
| 15:55 | Construir | House |
| 15:56 | Construir | House |
| 15:58 | Construir | House |
| 16:00 | Construir | House |
| 16:02 | Construir | House |
| 16:09 | Crear | Villager (Male) |
| 16:09 | Crear | Villager (Male) |
| 16:15 | Construir | Pasture |
| 16:28 | Construir | Pasture |
| 16:57 | Construir | Pasture |
| 17:02 | Crear | Villager (Male) |
| 17:02 | Crear | Villager (Male) |
| 17:24 | Crear | Villager (Male) |
| 17:24 | Crear | Villager (Male) |
| 17:47 | Construir | Barracks |
| 18:01 | Investigar | Feudal Age |
| 18:45 | Construir | Mining Camp |
| 20:17 | Edad | Edad Feudal |
| 20:24 | Construir | Market |
| 20:30 | Construir | Blacksmith |
| 20:49 | Investigar | Tech 1014 |
| 20:54 | Investigar | Double-Bit Axe |
| 20:58 | Investigar | Wheelbarrow |
| 21:10 | Investigar | Stone Mining |
| 22:24 | Investigar | Castle Age |
| 22:24 | Investigar | Castle Age |
| 22:52 | Investigar | Man-at-Arms (upgrade) |
| 22:54 | Crear | Militia |
| 22:56 | Crear | Militia |
| 22:56 | Crear | Militia |
| 22:56 | Crear | Militia |
| 22:57 | Crear | Militia |
| 22:57 | Crear | Militia |
| 22:57 | Crear | Militia |
| 23:11 | Crear | Militia |
| 25:04 | Edad | Edad de los Castillos |
| 25:12 | Construir | Castle |
| 25:37 | Construir | Stable |
| 25:40 | Construir | Stable |
| 25:49 | Investigar | Forging |
| 25:49 | Investigar | Scale Mail Armor |
| 25:55 | Investigar | Hand Cart |
| 25:59 | Investigar | Bow Saw |
| 26:11 | Construir | Town Center |
| 26:44 | Investigar | Light Cavalry (upgrade) |
| 27:11 | Crear | Villager (Male) |
| 27:12 | Crear | Villager (Male) |
| 27:12 | Crear | Villager (Male) |
| 27:12 | Crear | Villager (Male) |
| 27:13 | Crear | Villager (Male) |
| 27:13 | Crear | Villager (Male) |
| 27:13 | Crear | Villager (Male) |
| 27:14 | Crear | Villager (Male) |
| 27:14 | Crear | Villager (Male) |
| 27:14 | Crear | Villager (Male) |
| 27:15 | Crear | Villager (Male) |
| 27:16 | Crear | Villager (Male) |
| 27:16 | Crear | Villager (Male) |
| 27:39 | Crear | Unit 1920 |
| 27:40 | Crear | Unit 1920 |
| 27:40 | Crear | Unit 1920 |
| 27:40 | Crear | Unit 1920 |
| 28:08 | Crear | Scout Cavalry |
| 28:09 | Crear | Scout Cavalry |
| 28:10 | Crear | Scout Cavalry |
| 28:10 | Crear | Scout Cavalry |
| 29:15 | Crear | Villager (Male) |
| 29:16 | Crear | Villager (Male) |
| 29:16 | Crear | Villager (Male) |
| 29:16 | Crear | Villager (Male) |
| 29:17 | Crear | Villager (Male) |
| 29:17 | Crear | Villager (Male) |
| 29:17 | Crear | Villager (Male) |
| 29:18 | Crear | Villager (Male) |
| 29:18 | Crear | Villager (Male) |
| 29:18 | Crear | Villager (Male) |
| 29:19 | Crear | Villager (Male) |
| 29:33 | Construir | Lumber Camp |
| 30:06 | Construir | Mining Camp |
| 30:33 | Construir | Stone Wall |
| 30:37 | Construir | Stone Wall |
| 31:34 | Construir | Stone Wall |
| 31:40 | Construir | Stone Wall |
| 32:07 | Construir | Stone Wall |
| 32:20 | Construir | Stone Wall |
| 32:26 | Construir | Stone Wall |
| 32:40 | Construir | Stone Wall |
| 32:43 | Construir | Stone Wall |
| 32:43 | Construir | Stone Wall |
| 33:30 | Construir | Town Center |
| 33:58 | Crear | Scout Cavalry |
| 33:58 | Crear | Scout Cavalry |
| 33:59 | Crear | Scout Cavalry |
| 33:59 | Crear | Scout Cavalry |
| 33:59 | Crear | Scout Cavalry |
Build order — wsmbudaiwo
Primeras 150 de 1021 acciones detectadas
| 1:24 | Construir | Town Center |
| 1:51 | Construir | House |
| 3:03 | Crear | Villager (Male) |
| 3:04 | Investigar | Loom |
| 3:05 | Crear | Villager (Male) |
| 3:05 | Crear | Villager (Male) |
| 3:06 | Crear | Villager (Male) |
| 3:37 | Construir | House |
| 5:07 | Crear | Villager (Male) |
| 5:32 | Crear | Villager (Male) |
| 5:32 | Crear | Villager (Male) |
| 5:33 | Crear | Villager (Male) |
| 6:22 | Crear | Villager (Male) |
| 6:22 | Crear | Villager (Male) |
| 6:22 | Crear | Villager (Male) |
| 6:45 | Crear | Villager (Male) |
| 6:45 | Crear | Villager (Male) |
| 7:22 | Construir | House |
| 7:57 | Construir | House |
| 8:06 | Crear | Villager (Male) |
| 8:06 | Crear | Villager (Male) |
| 8:06 | Crear | Villager (Male) |
| 8:07 | Crear | Villager (Male) |
| 8:07 | Crear | Villager (Male) |
| 8:27 | Crear | Villager (Male) |
| 8:27 | Crear | Villager (Male) |
| 8:32 | Construir | Palisade Wall |
| 9:24 | Construir | Mill |
| 10:56 | Crear | Villager (Male) |
| 11:21 | Construir | House |
| 11:30 | Investigar | Feudal Age |
| 11:40 | Construir | Mule Cart |
| 12:20 | Crear | Villager (Male) |
| 12:20 | Crear | Villager (Male) |
| 13:40 | Edad | Edad Feudal |
| 13:48 | Construir | Market |
| 13:52 | Investigar | Double-Bit Axe |
| 14:11 | Crear | Villager (Male) |
| 14:11 | Crear | Villager (Male) |
| 14:26 | Investigar | Horse Collar |
| 14:52 | Construir | Farm |
| 14:52 | Construir | Farm |
| 14:54 | Construir | Farm |
| 14:54 | Construir | Farm |
| 14:55 | Construir | Farm |
| 14:55 | Construir | Farm |
| 14:56 | Construir | Farm |
| 15:01 | Crear | Villager (Male) |
| 15:01 | Crear | Villager (Male) |
| 15:13 | Construir | House |
| 16:06 | Crear | Villager (Male) |
| 16:06 | Crear | Villager (Male) |
| 16:37 | Construir | Farm |
| 16:37 | Construir | Farm |
| 16:38 | Construir | Farm |
| 16:38 | Construir | Farm |
| 16:39 | Construir | Farm |
| 17:07 | Crear | Villager (Male) |
| 17:30 | Crear | Villager (Male) |
| 18:11 | Construir | Blacksmith |
| 18:21 | Investigar | Stone Mining |
| 18:35 | Investigar | Castle Age |
| 18:48 | Construir | House |
| 18:50 | Construir | House |
| 18:51 | Construir | House |
| 20:30 | Crear | Villager (Male) |
| 20:30 | Crear | Villager (Male) |
| 20:31 | Crear | Villager (Male) |
| 21:15 | Edad | Edad de los Castillos |
| 21:23 | Construir | Town Center |
| 21:36 | Construir | Castle |
| 21:42 | Crear | Villager (Male) |
| 21:47 | Investigar | Heavy Plow |
| 22:05 | Crear | Villager (Male) |
| 22:57 | Crear | Villager (Male) |
| 22:58 | Crear | Villager (Male) |
| 22:58 | Crear | Villager (Male) |
| 22:58 | Crear | Villager (Male) |
| 23:04 | Construir | Mule Cart |
| 24:05 | Crear | Villager (Male) |
| 24:05 | Crear | Villager (Male) |
| 24:06 | Crear | Villager (Male) |
| 24:06 | Crear | Villager (Male) |
| 24:06 | Crear | Villager (Male) |
| 24:20 | Construir | Town Center |
| 24:26 | Crear | Monaspa |
| 24:33 | Crear | Villager (Male) |
| 24:33 | Crear | Villager (Male) |
| 24:33 | Crear | Villager (Male) |
| 24:33 | Crear | Villager (Male) |
| 24:50 | Construir | Town Center |
| 25:08 | Crear | Monaspa |
| 25:09 | Crear | Monaspa |
| 25:25 | Construir | Farm |
| 25:28 | Construir | Farm |
| 25:30 | Construir | Farm |
| 25:32 | Construir | Farm |
| 25:33 | Construir | Farm |
| 25:43 | Crear | Villager (Male) |
| 25:43 | Crear | Villager (Male) |
| 25:43 | Crear | Villager (Male) |
| 25:43 | Crear | Villager (Male) |
| 25:51 | Investigar | Bow Saw |
| 26:10 | Construir | Monastery |
| 26:19 | Construir | Farm |
| 26:19 | Construir | Farm |
| 26:25 | Construir | Farm |
| 26:30 | Crear | Villager (Male) |
| 26:50 | Crear | Villager (Male) |
| 26:50 | Crear | Villager (Male) |
| 26:54 | Construir | Farm |
| 26:54 | Construir | Farm |
| 26:55 | Construir | Farm |
| 26:55 | Construir | Farm |
| 26:55 | Construir | Farm |
| 26:55 | Construir | Farm |
| 26:56 | Construir | Farm |
| 26:56 | Construir | Farm |
| 27:02 | Crear | Villager (Male) |
| 27:18 | Crear | Villager (Male) |
| 27:19 | Crear | Villager (Male) |
| 27:19 | Crear | Villager (Male) |
| 27:41 | Crear | Villager (Male) |
| 27:41 | Crear | Villager (Male) |
| 27:41 | Crear | Villager (Male) |
| 27:41 | Crear | Villager (Male) |
| 28:03 | Crear | Villager (Male) |
| 28:03 | Crear | Villager (Male) |
| 28:04 | Crear | Villager (Male) |
| 28:04 | Crear | Villager (Male) |
| 28:30 | Construir | Town Center |
| 28:56 | Crear | Villager (Male) |
| 28:56 | Crear | Villager (Male) |
| 28:56 | Crear | Villager (Male) |
| 28:56 | Crear | Villager (Male) |
| 28:57 | Crear | Villager (Male) |
| 28:57 | Crear | Villager (Male) |
| 28:57 | Crear | Villager (Male) |
| 29:19 | Construir | Town Center |
| 29:42 | Construir | House |
| 29:44 | Construir | House |
| 29:45 | Construir | House |
| 29:47 | Construir | House |
| 29:48 | Construir | House |
| 29:50 | Investigar | Wheelbarrow |
| 29:51 | Crear | Villager (Male) |
| 29:52 | Crear | Villager (Male) |
| 29:57 | Crear | Monk |
| 30:02 | Crear | Monaspa |
| 30:02 | Crear | Monaspa |
Build order — Jbeck09
Primeras 150 de 320 acciones detectadas
| 1:32 | Construir | Town Center |
| 6:35 | Crear | Villager (Male) |
| 6:35 | Crear | Villager (Male) |
| 6:36 | Crear | Villager (Male) |
| 6:36 | Crear | Villager (Male) |
| 6:36 | Crear | Villager (Male) |
| 6:59 | Construir | House |
| 7:01 | Construir | House |
| 7:04 | Construir | House |
| 8:56 | Construir | Lumber Camp |
| 14:46 | Construir | Mining Camp |
| 15:50 | Investigar | Feudal Age |
| 17:19 | Construir | Mill |
| 17:56 | Construir | Farm |
| 18:01 | Construir | Farm |
| 18:04 | Construir | Farm |
| 18:06 | Construir | Farm |
| 18:13 | Construir | Farm |
| 19:05 | Construir | Farm |
| 19:35 | Crear | Villager (Male) |
| 20:39 | Investigar | Double-Bit Axe |
| 21:39 | Crear | Villager (Male) |
| 22:24 | Construir | Farm |
| 22:35 | Crear | Villager (Male) |
| 23:21 | Construir | Farm |
| 23:28 | Investigar | Loom |
| 23:53 | Crear | Villager (Male) |
| 23:54 | Crear | Villager (Male) |
| 25:33 | Investigar | Wheelbarrow |
| 25:51 | Construir | Farm |
| 26:05 | Construir | Farm |
| 26:31 | Crear | Villager (Male) |
| 26:32 | Crear | Villager (Male) |
| 27:05 | Crear | Villager (Male) |
| 27:10 | Crear | Villager (Male) |
| 27:30 | Construir | Farm |
| 27:55 | Investigar | Gold Mining |
| 28:24 | Construir | House |
| 28:27 | Construir | House |
| 28:29 | Construir | House |
| 28:32 | Construir | House |
| 28:34 | Construir | House |
| 28:36 | Construir | House |
| 28:42 | Construir | House |
| 30:33 | Construir | Barracks |
| 32:37 | Construir | Stable |
| 32:40 | Construir | Stable |
| 33:23 | Crear | Scout Cavalry |
| 33:39 | Investigar | Man-at-Arms (upgrade) |
| 34:54 | Crear | Militia |
| 34:55 | Crear | Militia |
| 34:55 | Crear | Militia |
| 34:55 | Crear | Militia |
| 34:56 | Crear | Militia |
| 34:56 | Crear | Militia |
| 34:56 | Crear | Militia |
| 34:57 | Crear | Militia |
| 34:57 | Crear | Militia |
| 34:57 | Crear | Militia |
| 34:58 | Crear | Militia |
| 34:58 | Crear | Militia |
| 34:58 | Crear | Militia |
| 34:59 | Crear | Militia |
| 34:59 | Crear | Militia |
| 34:59 | Crear | Militia |
| 37:22 | Construir | Blacksmith |
| 38:18 | Investigar | Castle Age |
| 39:19 | Construir | Mining Camp |
| 39:59 | Crear | Villager (Male) |
| 39:59 | Crear | Villager (Male) |
| 39:59 | Crear | Villager (Male) |
| 40:00 | Crear | Villager (Male) |
| 40:00 | Crear | Villager (Male) |
| 40:00 | Crear | Villager (Male) |
| 40:01 | Crear | Villager (Male) |
| 40:48 | Crear | Villager (Male) |
| 40:48 | Crear | Villager (Male) |
| 40:48 | Crear | Villager (Male) |
| 42:04 | Construir | Farm |
| 42:30 | Construir | Farm |
| 42:52 | Construir | Farm |
| 43:38 | Construir | Farm |
| 43:54 | Investigar | Bow Saw |
| 44:01 | Investigar | Gold Shaft Mining |
| 44:09 | Investigar | Long Swordsman (upgrade) |
| 44:18 | Crear | Knight |
| 44:18 | Crear | Knight |
| 44:18 | Crear | Knight |
| 44:18 | Crear | Knight |
| 45:03 | Crear | Villager (Male) ×3 |
| 45:03 | Crear | Villager (Male) |
| 45:03 | Crear | Villager (Male) |
| 45:04 | Crear | Villager (Male) |
| 45:05 | Crear | Villager (Male) |
| 45:06 | Crear | Villager (Male) |
| 46:35 | Crear | Villager (Male) |
| 46:35 | Crear | Villager (Male) |
| 46:35 | Crear | Villager (Male) |
| 46:36 | Crear | Villager (Male) |
| 46:36 | Crear | Villager (Male) |
| 46:37 | Crear | Villager (Male) |
| 46:59 | Construir | Farm |
| 47:07 | Construir | Farm |
| 47:10 | Construir | Farm |
| 47:12 | Construir | Farm |
| 47:14 | Construir | Farm |
| 47:19 | Construir | Farm |
| 50:51 | Crear | Knight |
| 50:51 | Crear | Knight |
| 50:51 | Crear | Knight |
| 50:52 | Crear | Knight |
| 50:52 | Crear | Knight |
| 50:52 | Crear | Knight |
| 50:53 | Crear | Knight |
| 51:14 | Construir | Castle |
| 51:56 | Construir | Stable |
| 53:39 | Construir | House |
| 53:41 | Construir | House |
| 53:43 | Construir | House |
| 53:45 | Construir | House |
| 53:47 | Construir | House |
| 54:37 | Construir | House |
| 54:40 | Construir | House |
| 55:24 | Construir | House |
| 55:28 | Construir | House |
| 55:30 | Construir | House |
| 55:36 | Construir | House |
| 55:41 | Construir | House |
| 55:58 | Investigar | Imperial Age |
| 56:35 | Construir | Mining Camp |
| 57:13 | Crear | Knight |
| 57:14 | Crear | Knight |
| 57:14 | Crear | Knight |
| 57:14 | Crear | Knight |
| 57:15 | Crear | Knight |
| 57:15 | Crear | Knight |
| 57:15 | Crear | Knight |
| 57:16 | Crear | Knight |
| 57:16 | Crear | Knight |
| 57:16 | Crear | Knight |
| 57:17 | Crear | Knight |
| 57:17 | Crear | Knight |
| 57:17 | Crear | Knight |
| 57:18 | Crear | Knight |
| 57:18 | Crear | Knight |
| 59:23 | Investigar | Cavalier (upgrade) |
| 59:42 | Investigar | Two-Handed Swordsman (upgrade) |
| 61:32 | Investigar | Husbandry |
| 62:12 | Construir | House |
| 62:23 | Construir | House |
Build order — ZSeagull
1 acciones detectadas en el replay
| 0:44 | Construir | Town Center |
Cronología de la partida
| 1:26 | 探吉教~東馬摩 · resign |
| 8:32 | wsmbudaiwo · wall_segment Palisade Wall x1 |
| 13:40 | wsmbudaiwo · age_up feudal |
| 15:13 | UrukParsamosir · first_building Barracks |
| 15:39 | UrukParsamosir · age_up feudal |
| 17:43 | ullacasa · age_up feudal |
| 17:47 | Opera · first_building Barracks |
| 19:33 | UrukParsamosir · first_building Stable |
| 20:00 | ullacasa · wall_segment Stone Wall x37 |
| 20:17 | Opera · age_up feudal |
| 20:39 | ullacasa · wall_segment Stone Wall x3 |
| 21:15 | wsmbudaiwo · age_up castle |
| 21:36 | wsmbudaiwo · first_building Castle |
| 21:47 | UrukParsamosir · first_building Archery Range |
| 22:36 | UrukParsamosir · wall_segment Stone Wall x11 |
| 22:56 | UrukParsamosir · wall_segment Stone Wall x7 |
| 24:00 | wsmbudaiwo · first_market_sell 100 food |
| 24:03 | wsmbudaiwo · first_market_buy 100 stone |
| 25:04 | Opera · age_up castle |
| 25:12 | Opera · first_building Castle |
| 25:37 | Opera · first_building Stable |
| 25:47 | UrukParsamosir · age_up castle |
| 26:10 | wsmbudaiwo · first_building Monastery |
| 26:57 | ullacasa · wall_segment Stone Wall x7 |
| 27:55 | ullacasa · wall_segment Stone Wall x19 |
| 28:13 | ullacasa · wall_segment Stone Wall x6 |
| 30:33 | Opera · wall_segment Stone Wall x1 |
| 30:33 | Jbeck09 · first_building Barracks |
| 30:37 | Opera · wall_segment Stone Wall x20 |
| 31:24 | UrukParsamosir · first_building Monastery |
| 31:34 | Opera · wall_segment Stone Wall x1 |
| 31:40 | Opera · wall_segment Stone Wall x47 |
| 32:07 | Opera · wall_segment Stone Wall x32 |
| 32:20 | Opera · wall_segment Stone Wall x1 |
| 32:26 | Opera · wall_segment Stone Wall x28 |
| 32:37 | Jbeck09 · first_building Stable |
| 32:40 | Opera · wall_segment Stone Wall x1 |
| 32:43 | Opera · wall_segment Stone Wall x21 |
| 32:43 | Opera · wall_segment Stone Wall x1 |
| 34:40 | ullacasa · wall_segment Stone Wall x1 |
| 34:54 | ullacasa · wall_segment Stone Wall x1 |
| 37:34 | UrukParsamosir · first_building Castle |
| 37:35 | wsmbudaiwo · age_up imperial |
| 37:42 | Opera · wall_segment Stone Wall x1 |
| 37:59 | ullacasa · wall_segment Stone Wall x5 |
| 38:43 | ullacasa · wall_segment Stone Wall x10 |
| 39:03 | UrukParsamosir · age_up imperial |
| 39:36 | wsmbudaiwo · first_building Barracks |
| 41:02 | wsmbudaiwo · first_building Stable |
| 42:36 | UrukParsamosir · first_building Siege Workshop |
| 43:02 | Opera · age_up imperial |
| 43:07 | UrukParsamosir · wall_segment Stone Wall x1 |
| 46:32 | wsmbudaiwo · first_building Siege Workshop |
| 46:43 | wsmbudaiwo · first_building Archery Range |
| 47:04 | ullacasa · wall_segment Stone Wall x12 |
| 49:07 | Opera · first_market_sell 100 wood |
| 49:09 | ullacasa · wall_segment Stone Wall x7 |
| 51:14 | Jbeck09 · first_building Castle |
| 53:24 | ullacasa · wall_segment Stone Wall x19 |
| 53:44 | ullacasa · wall_segment Stone Wall x4 |
| 54:57 | ullacasa · wall_segment Stone Wall x10 |
| 60:16 | ullacasa · age_up castle |
| 62:29 | ullacasa · first_building Castle |
| 65:30 | Opera · first_market_buy 100 stone |
| 69:33 | ullacasa · wall_segment Stone Wall x17 |
| 71:43 | ullacasa · age_up imperial |
| 71:45 | ullacasa · wall_segment Stone Wall x10 |
| 75:15 | Opera · wall_segment Stone Wall x1 |
| 75:18 | Opera · wall_segment Stone Wall x6 |
| 75:56 | Opera · wall_segment Stone Wall x8 |
| 75:56 | Opera · wall_segment Stone Wall x1 |
| 87:52 | Opera · first_building Archery Range |
| 98:27 | Jbeck09 · first_building Monastery |
[ ANÁLISIS IA · 1 CRÉDITO ]
¿Qué pasó realmente en esta partida?
Wolo.gg analiza cada decisión: build order, eco, micro, errores típicos por bracket. Análisis personalizado por WhatsApp o Discord en 30 segundos.
Guía civ
Eslavos
Guía mapa
Land Nomad
Perfil
探吉教~Iron man